 Seeded DCSS version 0.26.1-2-gb8aa6d0cf2 (webtiles) character file.

Game seed: 2766015790517002293 (custom seed)

1754 oldmanjim the Reanimator (level 8, -1/76 HPs)
             Began as a Deep Dwarf Necromancer on Feb 24, 2021.
             Killed from afar by an orc wizard (2 damage)
             ... with a magic dart
             ... on level 6 of the Dungeon.
             The game lasted 01:21:39 (7367 turns).

oldmanjim the Reanimator (Deep Dwarf Necromancer)   Turns: 7367, Time: 01:21:40

Health: -1/76      AC:  9    Str: 14    XL:     8   Next: 78%
Magic:  4/4        EV: 13    Int: 16    God:
Gold:   155        SH:  4    Dex: 13    Spells: 5/11 levels left

rFire    . . .     SeeInvis .   a - +1 dagger (flame)
rCold    + . .     Faith    .   J - +0 buckler
rNeg     . . .     Spirit   .   w - +3 leather armour {rC+}
rPois    .         Reflect  .   (no helmet)
rElec    .         Harm     .   t - +0 cloak
rCorr    .         Rampage  .   (no gloves)
Will     +....                  F - +1 pair of boots
Stlth    +++.......             l - amulet of magic regeneration
HPRegen  0.00/turn              g - ring of stealth
MPRegen  0.34/turn              (no ring)

@: non-regenerating
A: damage resistance, heal wounds, sense surroundings 1, no regeneration
a: Heal Wounds


You were on level 6 of the Dungeon.
You visited 1 branch of the dungeon, and saw 6 of its levels.
You also visited: Ossuary.

You collected 316 gold pieces.
You spent 161 gold pieces at shops.

Inventory:

Hand Weapons
 a - a +1 dagger of flaming (weapon)
 b - a +0 hunting sling
Missiles
 k - 19 sling bullets
 s - 182 stones
 u - 142 arrows
 v - 13 poisoned darts (quivered)
 B - 5 boomerangs
 C - 20 bolts
Armour
 t - a +0 cloak (worn)
 w - a +3 leather armour of cold resistance (worn)
 F - a +1 pair of boots (worn)
 J - a +0 buckler (worn)
Jewellery
 g - a ring of stealth (left hand)
 l - an amulet of magic regeneration (around neck)
 p - an uncursed ring of fire
 q - an uncursed amulet of reflection
Wands
 y - a wand of iceblast (9)
Scrolls
 c - 4 scrolls of teleportation
 d - 2 scrolls of remove curse
 h - 2 scrolls of fog
 i - a scroll of noise {unknown}
 j - a scroll of enchant armour {unknown}
 n - a scroll of magic mapping {unknown}
 x - a scroll of amnesia {unknown}
 A - a scroll of immolation {unknown}
 E - a scroll of random uselessness {unknown}
 K - a scroll of blinking {unknown}
Potions
 e - a potion of experience
 f - a potion of brilliance
 m - 3 potions of heal wounds
 o - a potion of haste
 r - 4 potions of curing
 z - a potion of might
 G - a potion of mutation
 H - a potion of degeneration {unknown}


   Skills:
 + Level 5.9 Fighting
 - Level 4.0 Dodging
 - Level 4.0 Stealth
 + Level 2.8 Shields
 - Level 2.0 Spellcasting
 + Level 9.5 Necromancy


You had 5 spell levels left.
You knew the following spells:

 Your Spells              Type           Power        Failure   Level
a - Pain                  Necr           100%         1%          1
b - Animate Skeleton      Necr           64%          1%          1
c - Animate Dead          Necr           16%          6%          4

Your spell library contained the following spells:

 Spells                   Type           Power        Failure   Level
 Vampiric Draining        Necr           16%          1%          3
 Agony                    Necr           32%          17%         5


Dungeon Overview and Level Annotations

Branches:
Dungeon (6/15)            Ossuary (visited)
 Temple: D:4-7

Altars:

Shops:
D:4 [


Innate Abilities, Weirdness & Mutations

You are resistant to damage.
You can heal yourself by infusing magical energy.
You passively map a small area around you.
You do not regenerate.


Message History

Something hits you but does no damage. The orc wizard barely misses you.
The white imp hits you but does no damage.
You closely miss the orc wizard.
The orc wizard is moderately wounded.
Something hits you. The orc wizard closely misses you.
Something hits you but does no damage. The orc wizard barely misses you.
The white imp gestures at you. The puff of frost hits you. You resist.
You hit the orc wizard but do no damage.
The orc wizard is moderately wounded.
Something hits you.
The orc wizard hits you but does no damage.
The white imp barely misses you.
You hit the orc wizard. You burn the orc wizard.
The orc wizard is heavily wounded.
Something hits you but does no damage. The orc wizard misses you.
You hear some strange, mumbled words.
A magic dart appears from out of thin air!
The magic dart hits you.
You die...

, ,, , * ,, #.........
#, .. ...#........ , #.
.. ...#...(...# , .##.
...........# * ...
....?......###
,#..#.............#
###.#..........{.....###
.......).......o@..)...>
,* #.##.###.5.....### *
#.(# #.......# ##.#
#.......# #[# #.......#
#.#+###########
#.........# ###.Y5.....#
####<#.oB.....#


You could see an orc wizard (fast) and a white imp.

Vanquished Creatures
  Sigmund (D:4)
  An orc warrior (D:6)
  A sky beast (D:5)
  2 phantoms (D:5)
  3 centaurs
  2 elf zombies (Ossuary)
  A howler monkey (D:4)
  2 centaur zombies (Ossuary)
  2 orc priests (D:6)
  A human zombie (Ossuary)
  2 orc wizards
  2 bullfrog skeletons (D:5)
  Natasha (thrice) (D:2)
  3 worker ants (D:4)
  A big kobold zombie (Ossuary)
  3 hound zombies
  A hound skeleton (D:5)
  3 mummies (Ossuary)
  11 adders
  2 shadow imps
  2 white imps
  An ufetubus (D:5)
  An ooze (D:1)
  3 adder skeletons
  4 adder zombies
  3 worms
  5 dart slugs
  7 leopard geckos
  17 orcs
  7 giant cockroaches
  13 goblins
  6 hobgoblins
  A jackal (D:4)
  3 quokkas
  A ball python (D:2)
  5 bats
  6 frilled lizards
  4 gnoll zombies (Ossuary)
  3 goblin zombies (Ossuary)
  4 hobgoblin zombies (Ossuary)
  2 jackal zombies (Ossuary)
  10 kobolds
  4 kobold zombies (Ossuary)
  A leopard gecko skeleton (D:4)
  A leopard gecko zombie (D:5)
  2 quokka zombies (Ossuary)
  6 rats
  5 rat zombies (Ossuary)
174 creatures vanquished.

Notes
Turn   | Place    | Note
-------+----------+-------------------------------------------
     0 | D:1      | oldmanjim the Deep Dwarf Necromancer began the quest for
                  | the Orb.
     0 | D:1      | Reached XP level 1. HP: 15/15 MP: 3/3
   326 | D:1      | Reached XP level 2. HP: 20/22 MP: 0/4
   661 | D:1      | Reached skill level 5 in Necromancy
  1327 | D:1      | Reached XP level 3. HP: 17/28 MP: 1/5
  1847 | D:2      | Noticed Natasha
  1926 | D:2      | Killed Natasha
  1927 | D:2      | Reached XP level 4. HP: 28/36 MP: 4/6
  2209 | D:2      | Noticed Natasha
  2216 | D:2      | Killed Natasha
  2351 | D:2      | Noticed Natasha
  2367 | D:2      | Killed Natasha
  2368 | D:2      | Reached XP level 5. HP: 15/42 MP: 4/7
  2447 | D:2      | Reached skill level 6 in Necromancy
  3526 | D:3      | Reached skill level 1 in Fighting
  4008 | D:4      | Learned a level 1 spell: Animate Skeleton
  4054 | D:4      | Reached XP level 6. HP: 42/51 MP: 6/8
  4587 | D:4      | Noticed Sigmund
  4611 | D:4      | Killed Sigmund
  4612 | D:4      | Reached skill level 7 in Necromancy
  4612 | D:4      | Reached XP level 7. HP: 47/62 MP: 8/8
  4778 | D:4      | Found Akhef's Armour Shop.
  5187 | D:4      | Bought a +1 pair of boots for 161 gold pieces
  5233 | D:5      | Entered Level 5 of the Dungeon
  5402 | D:5      | Found a sand-covered staircase.
  5410 | Ossuary  | Entered an ossuary
  5533 | Ossuary  | Reached skill level 8 in Necromancy
  6075 | Ossuary  | Reached XP level 8. HP: 72/73 MP: 8/8
  6284 | D:5      | Reached skill level 5 in Fighting
  6606 | D:5      | Reached skill level 9 in Necromancy
  6842 | D:5      | Reached skill level 1 in Shields
  7113 | D:5      | Learned a level 4 spell: Animate Dead
  7359 | D:6      | HP: 2/76 [something/magic dart (8)]
  7367 | D:6      | Killed from afar by an orc wizard

Illustrated notes

Levels and vault maps discovered:
D:1:      sevenhm_arrival_forest_fort_large_4, layout_loops_ring
D:2:      layout_rooms, nrook_mini_backslash, uniq_natasha
D:3:      minmay_wonky_spiral, layout_loops_ring, kennysheep_generic_room_2
D:4:      layout_loops_ring, serial_shops, nicolae_shop_crystal,
          minmay_crystal_water, minmay_joined_circles, uniq_sigmund
D:5:      layout_rooms, nicolae_ossuary_entry_ruins, chequers_mini_garden
D:6:      layout_basic, guppyfry_shop_venom, uniq_menkaure

Skill      XL: |  1  2  3  4  5  6  7  8 |
---------------+-------------------------+-----
Necromancy     | 5 6 7 8 9 |  9.5
Spellcasting   | 2 |  2.0
Stealth        | 3 4 |  4.0
Dodging        | 3 4 |  4.0
Fighting       | 1 3 4 5 |  5.9
Shields        | 2 |  2.8

Action                   |  1- 3 |  4- 6 |  7- 9 || total
-------------------------+-------+-------+-------++-------
Melee: Unarmed           |     6 |       |       ||     6
       Dagger            |    38 |    78 |   558 ||   674
 Fire: Hunting sling     |       |       |   145 ||   145
Throw: Stone             |    11 |    13 |       ||    24
       Dart              |       |    62 |    54 ||   116
 Cast: Pain              |    49 |    73 |    26 ||   148
       Animate Skeleton  |       |       |     1 ||     1
 Abil: Heal Wounds       |     1 |     3 |    14 ||    18
  Use: Scroll            |       |     5 |     8 ||    13
 Stab: Sleeping          |     2 |     2 |     5 ||     9
       Distracted        |       |     1 |       ||     1
Armor: Robe              |     3 |       |       ||     3
       Scale mail        |    10 |    16 |     2 ||    28
       Leather armour    |       |       |   202 ||   202
Dodge: Dodged            |    44 |    34 |   403 ||   481
Block: Other             |       |    15 |    59 ||    74
       Reflection        |       |       |     2 ||     2
       Buckler           |       |       |    46 ||    46
